[Event "ICCopen2016"]
[Site "Internet Chess Club"]
[Date "2016.06.03"]
[Round "10"]
[White "blackending"]
[Black "Oblique"]
[Result "1-0"]
[ICCResult "Black forfeits on time"]
[WhiteElo "1647"]
[BlackElo "1664"]
[Opening "Scandinavian: Pytel-Wade variation"]
[ECO "B01"]
[NIC "SD.02"]
[Time "20:48:23"]
[TimeControl "180+0"]

1. e4 d5 2. exd5 Qxd5 3. Nc3 Qd6 4. Nf3 Nf6 5. Be2 a6 6. O-O b5 7. a3 Bb7 8.
d4 Nbd7 9. Re1 e6 10. h3 Be7 11. Be3 O-O 12. Qd2 Rad8 13. Rad1 c5 14. Bf4
Qb6 15. dxc5 Nxc5 16. Qe3 Qc6 17. Bf1 Rfe8 18. Ne5 Qb6 19. b4 Na4 20. Nxa4
Qxe3 21. Bxe3 bxa4 22. Bb6 Rxd1 23. Rxd1 Nd5 24. Bd4 Rc8 25. c4 Nf6 26. c5
a5 27. Bb5 axb4 28. axb4 a3 29. c6 Ba8 30. Ba6 Rb8 31. c7 Rf8 32. c8=Q Rxc8
33. Bxc8 Nd5 34. Bc5 Bxc5 35. bxc5 Kf8 36. Ra1 a2 37. Rxa2 Ke7 38. Ra7+ Kd8
39. Rxa8 Kc7 40. c6 Nb4 41. Bb7 Nd5 42. Rc8+ Kb6 43. c7 Kxb7 44. Rf8 Nxc7
45. Rxf7 Kb6 46. Rxg7 Nd5 47. Rxh7 Kc5 48. Rh6 Kd4 49. Nf3+ Kc5 50. Rxe6 Nc7
51. Re7 Kd6 52. Re3 Kd7 53. h4 Ne6 54. h5 Ke7 55. h6 Kf7 56. Rxe6 Kxe6 57.
h7 Kf7 58. h8=Q Kg6 59. Qe5 Kf7 60. g4 Kg6 61. Ng5 Kh6 62. f4 Kg6 63. Kg2
{Black forfeits on time}
1-0

[Event "ICCopen2016"]
[Site "Internet Chess Club"]
[Date "2016.06.03"]
[Round "10"]
[White "racko"]
[Black "croder"]
[Result "1-0"]
[ICCResult "Black forfeits on time"]
[WhiteElo "1896"]
[BlackElo "1719"]
[Opening "English opening"]
[ECO "A10"]
[NIC "EO.22"]
[Time "20:48:20"]
[TimeControl "180+0"]

1. c4 d6 2. Nc3 e5 3. d3 Nf6 4. g3 Be7 5. Bg2 O-O 6. e4 Nc6 7. Nge2 Be6 8.
Nd5 a6 9. O-O Bxd5 10. cxd5 Nb8 11. Bg5 Nbd7 12. Rc1 Rc8 13. d4 h6 14. Bd2
b5 15. h3 Nh7 16. dxe5 Nxe5 17. Bc3 Bf6 18. f4 Nc4 19. Qd3 Bxc3 20. Rxc3
Nxb2 21. Qc2 Nc4 22. a4 Qf6 23. Rb1 g5 24. axb5 axb5 25. Rxb5 Nb6 26. Rxc7
Rxc7 27. Qxc7 Na4 28. Qc4 Qa1+ 29. Kh2 Ra8 30. e5 dxe5 31. fxe5 Nb2 32. Qd4
Ra2 33. e6 fxe6 34. dxe6 Nd1 35. Rb8+ Nf8 36. Qe4 Kg7 37. e7 Ng6 38. e8=Q h5
39. Qh8+ Kf7 40. Rb7+ Ne7 41. Qxe7+ Kg6 42. Qeg7+ {Black forfeits on time}
1-0

[Event "ICCopen2016"]
[Site "Internet Chess Club"]
[Date "2016.06.03"]
[Round "10"]
[White "RussianCowboy"]
[Black "HuevosDeLeon"]
[Result "0-1"]
[ICCResult "White forfeits on time"]
[WhiteElo "2054"]
[BlackElo "2634"]
[Opening "Alekhine's defense: Maróczy variation"]
[ECO "B02"]
[NIC "AL.10"]
[Time "20:48:40"]
[TimeControl "180+0"]

1. e4 Nf6 2. d3 g6 3. Nf3 Bg7 4. Be2 O-O 5. Nbd2 c5 6. O-O Nc6 7. a3 Rb8 8.
Rb1 b5 9. b4 d6 10. Bb2 a5 11. c3 Nd7 12. d4 c4 13. bxa5 Nxa5 14. a4 Qc7 15.
Ba3 Ba6 16. axb5 Bxb5 17. Bb4 Nb3 18. Nxb3 Ba4 19. Qc1 Bxb3 20. Nd2 Bxd4 21.
cxd4 Rxb4 22. Nxb3 Rfb8 23. Nd2 c3 24. Rxb4 Rxb4 25. Nf3 Nb6 26. Qh6 f6 27.
h4 Qd8 28. h5 Qf8 29. Qc1 Na4 30. Bd1 Qc8 31. hxg6 hxg6 32. Bxa4 Rxa4 33.
Qh6 Qe8 34. Rc1 Rc4 35. e5 dxe5 36. dxe5 c2 37. e6 g5 38. Nxg5 fxg5 39.
Qxg5+ Kh7 40. Qf5+ Qg6 41. Qh3+ Kg7 42. g3 Qh6 43. Qxh6+ Kxh6 44. Kg2 Kg5
45. Kf3 Rc3+ 46. Ke4 Kg4 47. Kd4 Rc6 48. Kd3 Kf3 49. Rxc2 Rd6+ 50. Kc3 Rxe6
51. Kd4 Rf6 52. Ke5 Kg4 53. Rc3 Rf5+ 54. Ke4 Rxf2 55. Ke5 Re2+ 56. Kd5 e6+
57. Kc6 e5 58. Rc4+ e4 59. Rc5 Kf3 60. Re5 Kxg3 {White forfeits on time} 0-1

[Event "ICCopen2016"]
[Site "Internet Chess Club"]
[Date "2016.06.03"]
[Round "10"]
[White "d13gocr"]
[Black "anitak"]
[Result "1-0"]
[ICCResult "Black forfeits on time"]
[WhiteElo "1771"]
[BlackElo "2157"]
[Opening "Caro-Kann: Panov-Botvinnik attack, 5...g6"]
[ECO "B14"]
[NIC "CK.03"]
[Time "20:48:43"]
[TimeControl "180+0"]

1. e4 c6 2. d4 d5 3. exd5 cxd5 4. c4 Nf6 5. Nc3 g6 6. Bg5 Nbd7 7. Nf3 Bg7 8.
cxd5 O-O 9. Bc4 a6 10. O-O b5 11. Bb3 Bb7 12. d6 e6 13. Re1 h6 14. Bh4 Nb6
15. Bg3 Rc8 16. Ne5 Ne8 17. Nxg6 fxg6 18. Bxe6+ Kh7 19. d7 Nxd7 20. Qg4 Nef6
21. Qh3 b4 22. Ne2 Rc2 23. Nf4 Nb6 24. Bb3 Rxb2 25. Ne6 Qc8 26. Nxf8+ Qxf8
27. Be5 a5 28. d5 a4 29. Bxb2 axb3 30. axb3 Ne4 31. Rxe4 Bxb2 32. Rae1 Bxd5
33. Re7+ Bg7 34. Qd3 Qf6 35. h3 Bg8 36. Rb7 Nd5 37. Rd1 Nf4 38. Qd7 Be6 39.
Qe7 Qe5 40. g3 Ne2+ 41. Kf1 Nxg3+ 42. fxg3 Bxh3+ 43. Kg1 Qxe7 44. Rxe7 h5
45. Rc1 Kh6 46. Rc6 Bd4+ 47. Kh2 Bf5 48. Rf7 Kg5 49. Rxf5+
{Black forfeits on time}
1-0

[Event "ICCopen2016"]
[Site "Internet Chess Club"]
[Date "2016.06.03"]
[Round "10"]
[White "gray-hawk"]
[Black "TitaniumNinja01"]
[Result "1/2-1/2"]
[ICCResult "Game drawn by repetition"]
[WhiteElo "1015"]
[BlackElo "1255"]
[Opening "English opening"]
[ECO "A20"]
[NIC "EO.25"]
[Time "20:49:46"]
[TimeControl "180+0"]

1. c4 e5 2. d3 Bc5 3. Nc3 Nf6 4. e3 Nc6 5. a3 a5 6. Qc2 d5 7. cxd5 Nxd5 8.
Be2 O-O 9. Nf3 Nxc3 10. bxc3 Bd6 11. O-O Bd7 12. a4 Re8 13. Ba3 Qf6 14. Bxd6
Qxd6 15. Rfb1 b6 16. Nd2 Qg6 17. Ne4 Bh3 18. Ng3 Bd7 19. e4 Rad8 20. Bh5 Qf6
21. Bf3 Ne7 22. Rd1 Ng6 23. Ne2 Nf4 24. Nxf4 Qxf4 25. Qe2 Re6 26. Bg4 Rg6
27. Bxd7 Rxd7 28. g3 Qf6 29. Rab1 Qc6 30. Qb2 h6 31. Ra1 Rdd6 32. c4 Rd4 33.
Qb3 Rf6 34. Kg2 Qc5 35. Qb5 Qxb5 36. axb5 Rfd6 37. Ra3 Kf8 38. f3 Ke7 39.
Rc3 Ke6 40. Kf2 f5 41. exf5+ Kxf5 42. Ke3 g6 43. g4+ Kf6 44. h4 g5 45. h5
Rf4 46. Rf1 Rdd4 47. Rb3 Ke6 48. Rc3 Kf6 49. Rb3 Ke6 50. Rc3 Kf6 51. Ra3 Ke6
52. Ra2 Kf6 53. Rd2 Ke6 54. Ke2 Kf6 55. Ke3 Ke6 56. Ke2 Kf6 57. Rc2 Ke6 58.
Rd2 Kf6 59. Rc2 Ke6 60. Rb2 Kf6 61. Rb3 Ke6 62. Ra3 Kf6 63. Rb3 Ke6 64. Rb2
Kf6 65. Rd2 Ke6 66. Rb2 Kf6 67. Rb3 Ke6 68. Ra3 Kf6 69. Ra2 Ke6 70. Rc2 Kf6
71. Rc3 Ke6 72. Rb3 Kf6 73. Rb2 Ke6 74. Ra2 Kf6 75. Rc2 Ke6 76. Rb2 Kf6
{Game drawn by repetition}
1/2-1/2

[Event "ICCopen2016"]
[Site "Internet Chess Club"]
[Date "2016.06.03"]
[Round "10"]
[White "GodspeedR8"]
[Black "carpenter"]
[Result "0-1"]
[ICCResult "White checkmated"]
[WhiteElo "1875"]
[BlackElo "2253"]
[Opening "Ruy Lopez: Schliemann defense"]
[ECO "C63"]
[NIC "RL.06"]
[Time "20:49:44"]
[TimeControl "180+0"]

1. e4 e5 2. Nf3 Nc6 3. Bb5 f5 4. d3 Nf6 5. Nc3 Bb4 6. O-O Bxc3 7. bxc3 fxe4
8. dxe4 d6 9. c4 Qe7 10. c5 dxc5 11. Re1 Bd7 12. Bg5 O-O-O 13. Qb1 h6 14.
Bh4 Nd4 15. Bxd7+ Rxd7 16. Nxd4 cxd4 17. Qb5 Qe6 18. Rab1 b6 19. Bg3 Re8 20.
a4 Kb7 21. a5 a6 22. Qc5 Qc6 23. Qb4 b5 24. Rec1 Qd6 25. Qc4 c5 26. c3 Kc6
27. Qb3 c4 28. cxd4 Qxd4 29. Qb4 Nxe4 30. Rb2 Nc5 31. Re2 Nd3 32. Qb1 Nxc1
33. Qxc1 Qd1+ 34. Re1 Qxc1 35. Rxc1 e4 36. Re1 Rd3 37. h3 c3 38. Bf4 b4 39.
Kh2 b3 40. Rb1 c2 41. Rb2 Re6 42. g3 Kb5 43. Bc1 Kc4 44. Bf4 Rd1 45. Kg2
c1=Q 46. Bxc1 Rxc1 47. Re2 Rc2 48. Re3 Rc3 49. Re2 Rc2 50. Re3 b2 51. Ra3
b1=Q 52. g4 Rxf2+ 53. Kxf2 Qb2+ 54. Kg3 Qxa3+ 55. Kh4 Qf3 56. Kh5 Qxh3#
{White checkmated}
0-1

[Event "ICCopen2016"]
[Site "Internet Chess Club"]
[Date "2016.06.03"]
[Round "11"]
[White "bullbuffalo"]
[Black "fledermaus"]
[Result "0-1"]
[ICCResult "White resigns"]
[WhiteElo "1329"]
[BlackElo "1640"]
[Opening "English orang-utan"]
[ECO "A00"]
[NIC "VO.10"]
[Time "20:59:01"]
[TimeControl "180+0"]

1. b4 Nf6 2. c4 g6 3. Nc3 Bg7 4. e3 O-O 5. Bb2 d6 6. Bd3 c5 7. b5 d5 8. cxd5
Nxd5 9. Qc2 Nb4 10. Qb1 Qxd3 11. Nge2 Qxb1+ 12. Rxb1 Nd3+ 13. Kf1 Nxb2 14.
f4 Nd3 {White resigns} 0-1

[Event "ICCopen2016"]
[Site "Internet Chess Club"]
[Date "2016.06.03"]
[Round "11"]
[White "trivialpursuit"]
[Black "psychopat2016"]
[Result "0-1"]
[ICCResult "White resigns"]
[WhiteElo "1420"]
[BlackElo "1338"]
[Opening "Sicilian: closed"]
[ECO "B23"]
[NIC "SI.44"]
[Time "20:58:41"]
[TimeControl "180+0"]

1. e4 c5 2. Nc3 d6 3. g3 g6 4. Bg2 Bg7 5. d3 Nf6 6. h3 Nc6 7. Be3 Be6 8. Qd2
Qd7 9. Bh6 Bxh6 10. Qxh6 O-O-O 11. Qd2 Nd4 12. O-O-O Nb5 13. f4 Nxc3 14.
Qxc3 d5 15. e5 d4 16. Qa5 Nd5 17. Qa6 bxa6 {White resigns} 0-1

[Event "ICCopen2016"]
[Site "Internet Chess Club"]
[Date "2016.06.03"]
[Round "11"]
[White "MAU"]
[Black "klodshans"]
[Result "1-0"]
[ICCResult "Black resigns"]
[WhiteElo "1802"]
[BlackElo "1587"]
[Opening "Réti opening"]
[ECO "A04"]
[NIC "QP.11"]
[Time "20:59:08"]
[TimeControl "180+0"]

1. Nf3 d6 2. d4 g6 3. Bg5 Bg7 4. c3 Nc6 5. Nbd2 Bd7 6. Qc2 a5 7. e4 b6 8. h3
f6 9. Bh4 Nh6 10. Bd3 O-O 11. g4 e5 12. d5 Ne7 13. g5 Nf7 14. gxf6 g5 15.
fxg7 Kxg7 16. Nxg5 Nxg5 17. Bxg5 Rf7 18. Rg1 Kh8 19. Bxe7 Qxe7 20. f3 Rg8
21. O-O-O {Black resigns} 1-0

[Event "ICCopen2016"]
[Site "Internet Chess Club"]
[Date "2016.06.03"]
[Round "11"]
[White "rovov"]
[Black "ALexiz"]
[Result "1-0"]
[ICCResult "Black checkmated"]
[WhiteElo "1737"]
[BlackElo "1823"]
[Opening "English opening: Agincourt variation"]
[ECO "A13"]
[NIC "QP.09"]
[Time "20:59:01"]
[TimeControl "180+0"]

1. Nf3 d5 2. c4 e6 3. e3 Nf6 4. b3 Be7 5. Bb2 O-O 6. Be2 c5 7. O-O Nc6 8.
cxd5 Nxd5 9. d4 cxd4 10. Nxd4 Nxd4 11. Bxd4 Bf6 12. Bf3 Bxd4 13. Qxd4 Nf6
14. Rd1 Qxd4 15. Rxd4 Rb8 16. Nc3 b6 17. Ne4 Nxe4 18. Bxe4 Bb7 19. Bxb7 Rxb7
20. Rad1 Re7 21. Rd7 Rfe8 22. Rxe7 Rxe7 23. Rd8+ Re8 24. Rxe8#
{Black checkmated}
1-0

[Event "ICCopen2016"]
[Site "Internet Chess Club"]
[Date "2016.06.03"]
[Round "11"]
[White "Vegita"]
[Black "TallTower"]
[Result "1-0"]
[ICCResult "Black resigns"]
[WhiteElo "2307"]
[BlackElo "1909"]
[Opening "Giuoco Piano"]
[ECO "C50"]
[NIC "IG.02"]
[Time "20:59:34"]
[TimeControl "180+0"]

1. e4 e5 2. Nf3 Nc6 3. Bc4 Bc5 4. O-O d6 5. c3 a6 6. d4 exd4 7. cxd4 Bb6 8.
Nc3 Nge7 9. Ng5 O-O 10. Qh5 h6 11. Nxf7 {Black resigns} 1-0

[Event "ICCopen2016"]
[Site "Internet Chess Club"]
[Date "2016.06.03"]
[Round "11"]
[White "Qualm"]
[Black "discdude"]
[Result "0-1"]
[ICCResult "White resigns"]
[WhiteElo "1632"]
[BlackElo "1503"]
[Opening "French: exchange variation"]
[ECO "C01"]
[NIC "FR.01"]
[Time "20:59:21"]
[TimeControl "180+0"]

1. e4 e6 2. d4 d5 3. exd5 exd5 4. Bb5+ c6 5. Bd3 Be7 6. Nf3 Nf6 7. O-O Bg4
8. h3 O-O 9. Bf4 Bh5 10. Nbd2 Bd6 11. Bxd6 Qxd6 12. c3 Nbd7 13. Re1 Rfe8 14.
Qc2 h6 15. Nh2 Rxe1+ 16. Rxe1 Rb8 17. g4 Bg6 18. Bxg6 fxg6 19. Qxg6 Qf8 20.
Nhf3 Qf7 21. Ne5 Nxe5 22. Qf5 Nc4 23. Nxc4 dxc4 24. Qf4 Rf8 25. Rf1 Nd5 26.
Qg3 {White resigns} 0-1

[Event "ICCopen2016"]
[Site "Internet Chess Club"]
[Date "2016.06.03"]
[Round "11"]
[White "nikenwidiartto"]
[Black "Ira57"]
[Result "1/2-1/2"]
[ICCResult "Game drawn by mutual agreement"]
[WhiteElo "1859"]
[BlackElo "1694"]
[Opening "Sicilian: closed"]
[ECO "B23"]
[NIC "SI.44"]
[Time "20:58:53"]
[TimeControl "180+0"]

1. e4 c5 2. Nc3 a6 3. f4 b5 4. Nf3 Bb7 5. d3 e6 6. g3 d5 7. Bg2 b4 8. Na4
dxe4 9. Ng5 h6 10. Bxe4 Bxe4 11. Nxe4 Qc7 12. Be3 Nd7 13. Qf3 Rc8 14. b3
Ngf6 15. O-O Be7 16. Nb2 Nd5 17. Bd2 O-O 18. Nc4 f5 19. Nf2 Bf6 20. Rae1
{Game drawn by mutual agreement}
1/2-1/2

[Event "ICCopen2016"]
[Site "Internet Chess Club"]
[Date "2016.06.03"]
[Round "11"]
[White "Ajolote"]
[Black "orangeC"]
[Result "0-1"]
[ICCResult "White checkmated"]
[WhiteElo "1461"]
[BlackElo "1615"]
[Opening "Pirc: classical system, 5.Be2"]
[ECO "B06"]
[NIC "PU.03"]
[Time "20:58:46"]
[TimeControl "180+0"]

1. e4 g6 2. Nf3 Bg7 3. d4 d6 4. Be2 Nf6 5. Nc3 O-O 6. O-O c6 7. Bf4 Nbd7 8.
e5 Nh5 9. Bg3 Nxg3 10. hxg3 dxe5 11. dxe5 Nxe5 12. Nxe5 Qxd1 13. Raxd1 Bxe5
14. f4 Bxc3 15. bxc3 Be6 16. a3 Rfd8 17. Rxd8+ Rxd8 18. Rd1 Rxd1+ 19. Bxd1
Kf8 20. Kf2 Ke8 21. Ke3 Kd7 22. Kd4 Kd6 23. Bf3 c5+ 24. Kd3 b6 25. c4 Bf5+
26. Kc3 h5 27. a4 Bd7 28. Kb3 Bc6 29. c3 f6 30. Ka3 Bxf3 31. gxf3 g5 32. Kb3
h4 33. gxh4 gxh4 34. Kc2 h3 35. Kd2 h2 36. Ke2 h1=Q 37. Kf2 Qh3 38. Ke3 f5
39. Kd2 Qxf3 40. Kc1 Qxf4+ 41. Kb2 Qe4 42. Kb3 Qd3 43. Ka3 Kc6 44. Kb3 a6
45. Ka3 b5 46. Kb3 bxc4+ 47. Ka3 Qxc3+ 48. Ka2 Qb3+ 49. Ka1 c3 50. a5 Qb2#
{White checkmated}
0-1

[Event "ICCopen2016"]
[Site "Internet Chess Club"]
[Date "2016.06.03"]
[Round "11"]
[White "DMDIS"]
[Black "ChessHouston"]
[Result "1/2-1/2"]
[ICCResult "Game drawn by mutual agreement"]
[WhiteElo "2012"]
[BlackElo "1852"]
[Opening "Queen's Indian defense"]
[ECO "A47"]
[NIC "QP.06"]
[Time "20:59:31"]
[TimeControl "180+0"]

1. d4 Nf6 2. Nf3 b6 3. Bf4 Bb7 4. e3 e6 5. Nbd2 d6 6. Bd3 Nbd7 7. h3 Be7 8.
Bh2 O-O 9. O-O c5 10. c3 Re8 11. Qe2 Nf8 12. e4 Ng6 13. a3 e5 14. d5 Nf4 15.
Bxf4 exf4 16. c4 Nd7 17. e5 Bf6 18. e6 fxe6 19. dxe6 Ne5 20. Nxe5 Bxe5 21.
Qh5 g6 22. Bxg6 hxg6 23. Qxg6+ Bg7 24. Qf7+ Kh7 25. Qh5+ Kg8 26. Qf7+ Kh7
27. Qh5+ Bh6 28. Qf7+ Bg7 29. Qh5+ Kg8 30. Qf7+ Kh7 31. Qh5+ Bh6
{Game drawn by mutual agreement}
1/2-1/2

[Event "ICCopen2016"]
[Site "Internet Chess Club"]
[Date "2016.06.03"]
[Round "11"]
[White "ChessGeek"]
[Black "Mandragora"]
[Result "0-1"]
[ICCResult "White resigns"]
[WhiteElo "1700"]
[BlackElo "1585"]
[Opening "Two knights defense (Modern bishop's opening)"]
[ECO "C55"]
[NIC "IG.01"]
[Time "20:59:11"]
[TimeControl "180+0"]

1. e4 e5 2. Nf3 Nc6 3. Bc4 Nf6 4. d3 h6 5. O-O d6 6. c3 a6 7. Nbd2 b5 8. Bb3
Be7 9. d4 exd4 10. cxd4 Na5 11. e5 dxe5 12. dxe5 Nd5 13. Ne4 Be6 14. Bc2 O-O
15. Bd2 c5 16. Qe1 b4 17. a3 Nc4 18. axb4 Nxd2 19. Qxd2 cxb4 20. Rfd1 Qc7
21. Bb3 Rfd8 22. Rac1 Qb6 23. Nd4 Rac8 24. h3 Rxc1 25. Rxc1 Nf4 26. Nc6
Nxh3+ 27. gxh3 Rxd2 28. Nxe7+ Kh7 29. Nd6 Qxf2+ {White resigns} 0-1

[Event "ICCopen2016"]
[Site "Internet Chess Club"]
[Date "2016.06.03"]
[Round "11"]
[White "born2die"]
[Black "RonJB"]
[Result "1-0"]
[ICCResult "Black resigns"]
[WhiteElo "1785"]
[BlackElo "1640"]
[Opening "Sicilian: Grand Prix attack"]
[ECO "B21"]
[NIC "SI.48"]
[Time "20:58:46"]
[TimeControl "180+0"]

1. e4 c5 2. f4 e6 3. d3 d5 4. Nf3 dxe4 5. dxe4 Qxd1+ 6. Kxd1 Nf6 7. Bd3 Be7
8. c3 Nc6 9. Be3 b6 10. Nbd2 Bb7 11. Kc2 O-O-O 12. Rhe1 Ng4 13. Bg1 Rhe8 14.
h3 Nf6 15. g4 h6 16. g5 Nh5 17. Be3 hxg5 18. fxg5 Bd6 19. Rg1 g6 20. Be2 Bf4
21. Nc4 b5 22. Bxf4 Nxf4 23. Bf1 bxc4 24. Bxc4 Na5 25. Bb5 Bxe4+ 26. Kc1 Bc6
27. Ba6+ Kb8 28. Ne5 Re7 29. Rf1 Ne2+ 30. Bxe2 f5 31. gxf6 Rf7 32. Nxf7
{Black resigns}
1-0

[Event "ICCopen2016"]
[Site "Internet Chess Club"]
[Date "2016.06.03"]
[Round "11"]
[White "airantrobo"]
[Black "TudoracheM"]
[Result "0-1"]
[ICCResult "White resigns"]
[WhiteElo "1523"]
[BlackElo "1693"]
[Opening "King's Indian: 6.Be2"]
[ECO "E91"]
[NIC "KI.19"]
[Time "20:59:16"]
[TimeControl "180+0"]

1. d4 Nf6 2. c4 g6 3. Nc3 Bg7 4. e4 d6 5. Nf3 O-O 6. Be2 h6 7. O-O Nc6 8. h3
Nd7 9. d5 Nce5 10. Be3 Nxf3+ 11. Bxf3 e5 12. dxe6 fxe6 13. Qb3 Kh7 14. Bg4
Ne5 15. f4 Nxg4 16. hxg4 Qh4 17. Qd1 Bd7 18. f5 exf5 19. gxf5 gxf5 20. exf5
Bxf5 21. Rf4 Qg3 22. Qh5 Qxe3+ 23. Rf2 Bg6 24. Nd5 Qxf2+ 25. Kh1 Bxh5
{White resigns}
0-1

[Event "ICCopen2016"]
[Site "Internet Chess Club"]
[Date "2016.06.03"]
[Round "11"]
[White "doodlestoo"]
[Black "gray-hawk"]
[Result "1-0"]
[ICCResult "Black resigns"]
[WhiteElo "1411"]
[BlackElo "1012"]
[Opening "Sicilian defense"]
[ECO "B32"]
[NIC "SI.32"]
[Time "20:59:12"]
[TimeControl "180+0"]

1. e4 c5 2. Nf3 Nc6 3. d4 cxd4 4. Nxd4 d6 5. Nc3 e6 6. Be3 Be7 7. Qd2 Nf6 8.
f3 e5 9. Nxc6 bxc6 10. O-O-O O-O 11. g4 Nd7 12. h4 Nb6 13. h5 Be6 14. g5 c5
15. Bb5 a6 16. Bc6 Rc8 17. Bd5 Nxd5 18. Nxd5 Bxd5 19. Qxd5 Bxg5 20. Bxg5
Qxg5+ 21. Kb1 Rfd8 22. f4 Qxf4 23. Rdf1 Qe3 24. Rxf7 Kh8 25. Rhf1 Qh6 26. a3
Qxh5 27. Qxd6 Qh6 28. Rf8+ Rxf8 29. Qxf8+ {Black resigns} 1-0

[Event "ICCopen2016"]
[Site "Internet Chess Club"]
[Date "2016.06.03"]
[Round "11"]
[White "RJoseph12"]
[Black "Willy809"]
[Result "0-1"]
[ICCResult "White resigns"]
[WhiteElo "1324"]
[BlackElo "1627"]
[Opening "Sicilian: Alapin's variation (2.c3)"]
[ECO "B22"]
[NIC "SI.46"]
[Time "21:00:11"]
[TimeControl "180+0"]

1. e4 c5 2. c3 d6 3. d4 cxd4 4. cxd4 Nf6 5. Nc3 a6 6. Nf3 g6 7. Bc4 Bg7 8.
Be3 O-O 9. O-O b5 10. Bb3 Nc6 11. h3 Bb7 12. Rc1 Rc8 13. d5 Na5 14. Bc2 Nc4
15. b3 Nxe3 16. fxe3 Rxc3 17. e5 dxe5 18. Nxe5 Nxd5 19. Nf3 Qb6 20. Re1 Nxe3
21. Qd2 Bxf3 22. gxf3 Nc4+ 23. Kh1 Nxd2 {White resigns} 0-1

[Event "ICCopen2016"]
[Site "Internet Chess Club"]
[Date "2016.06.03"]
[Round "11"]
[White "franco"]
[Black "hunterking"]
[Result "1-0"]
[ICCResult "Black resigns"]
[WhiteElo "1184"]
[BlackElo "1327"]
[Opening "French: Labourdonnais variation"]
[ECO "C00"]
[NIC "FR.01"]
[Time "20:59:16"]
[TimeControl "180+0"]

1. e4 e6 2. f4 d5 3. e5 c5 4. Nf3 Nc6 5. c3 Nge7 6. Bb5 Qb6 7. Bxc6+ bxc6 8.
O-O Nf5 9. d4 cxd4 10. Nxd4 Nxd4 11. cxd4 Be7 12. Nc3 Bd7 13. Rb1 c5 14. Be3
cxd4 15. Bxd4 Bc5 16. Bxc5 Qxc5+ 17. Kh1 O-O 18. Qf3 Bc6 19. Qg3 g6 20. h4
h5 21. Qg5 d4 22. Ne2 d3 23. Nc3 d2 24. Rbd1 Qe3 25. f5 exf5 26. Qxe3 Be4
27. Rxd2 {Black resigns} 1-0

[Event "ICCopen2016"]
[Site "Internet Chess Club"]
[Date "2016.06.03"]
[Round "11"]
[White "DEHO"]
[Black "catman"]
[Result "1-0"]
[ICCResult "Black resigns"]
[WhiteElo "2194"]
[BlackElo "1794"]
[Opening "Nimzo-Indian: classical, Milner-Barry (Zurich) variation"]
[ECO "E33"]
[NIC "NI.24"]
[Time "20:58:54"]
[TimeControl "180+0"]

1. d4 Nf6 2. c4 e6 3. Nc3 Bb4 4. Qc2 Nc6 5. Nf3 d6 6. Bd2 O-O 7. a3 Bxc3 8.
Bxc3 Qe7 9. e3 e5 10. dxe5 dxe5 11. Bd3 Bg4 12. Ng5 h6 13. Ne4 Nxe4 14. Bxe4
Bd7 15. O-O f5 16. Bd5+ Kh8 17. Rad1 Be8 18. b4 Bh5 19. Rde1 Rae8 20. Qb2
Qg5 21. b5 Ne7 22. Bxb7 e4 23. f4 exf3 24. Bxf3 Bxf3 25. Rxf3 Ng6 26. Bxg7+
{Black resigns}
1-0

[Event "ICCopen2016"]
[Site "Internet Chess Club"]
[Date "2016.06.03"]
[Round "11"]
[White "kabindra"]
[Black "smsxman"]
[Result "1-0"]
[ICCResult "Black resigns"]
[WhiteElo "1517"]
[BlackElo "1141"]
[Opening "Philidor's defense"]
[ECO "C41"]
[NIC "KP.10"]
[Time "20:59:19"]
[TimeControl "180+0"]

1. e4 e5 2. Nf3 d6 3. Bc4 Bg4 4. d4 exd4 5. c3 Nf6 6. Qb3 Qe7 7. O-O b6 8.
Nxd4 Nbd7 9. Nc6 Nc5 10. Qb5 Qd7 11. b4 a6 12. Ne5 Qxb5 13. Bxb5+ axb5 14.
Nxg4 Nxg4 15. bxc5 bxc5 16. h3 Nf6 17. e5 dxe5 18. Re1 Bd6 19. f4 O-O 20.
fxe5 Nd5 21. exd6 Nxc3 22. Nxc3 {Black resigns} 1-0

[Event "ICCopen2016"]
[Site "Internet Chess Club"]
[Date "2016.06.03"]
[Round "11"]
[White "Eraser007"]
[Black "d13gocr"]
[Result "1-0"]
[ICCResult "Black checkmated"]
[WhiteElo "2198"]
[BlackElo "1768"]
[Opening "Sicilian"]
[ECO "B50"]
[NIC "SI.01"]
[Time "20:59:44"]
[TimeControl "180+0"]

1. e4 c5 2. Nf3 d6 3. c3 Nf6 4. h3 Nc6 5. Bd3 e6 6. Bc2 d5 7. e5 Nd7 8. d4
cxd4 9. cxd4 Qb6 10. Nc3 Be7 11. O-O a6 12. a3 Qc7 13. Bf4 b5 14. Rc1 Qb6
15. Re1 Bb7 16. Qd3 Rc8 17. Nxd5 exd5 18. e6 fxe6 19. Rxe6 Nf6 20. Rce1 O-O
21. Rxf6 Bxf6 22. Qxh7+ Kf7 23. Bg6# {Black checkmated} 1-0

[Event "ICCopen2016"]
[Site "Internet Chess Club"]
[Date "2016.06.03"]
[Round "11"]
[White "carpedef"]
[Black "Shafkat"]
[Result "1-0"]
[ICCResult "Black resigns"]
[WhiteElo "1834"]
[BlackElo "1691"]
[Opening "Ruy Lopez: Schliemann defense"]
[ECO "C63"]
[NIC "RL.06"]
[Time "20:58:54"]
[TimeControl "180+0"]

1. e4 e5 2. Nf3 Nc6 3. Bb5 f5 4. d3 fxe4 5. dxe4 Nf6 6. Qd3 Bc5 7. Nc3 d6 8.
Bg5 Be6 9. Nd5 h6 10. Bxf6 gxf6 11. Nh4 a6 12. Bc4 b5 13. Nxc7+ Qxc7 14.
Bxe6 Nd4 15. Bd5 O-O-O 16. c3 Nc6 17. f3 b4 18. c4 Nd4 19. O-O-O a5 20. Kb1
a4 21. g3 Qa7 22. f4 b3 23. a3 Kc7 24. Rhf1 Rb8 25. fxe5 Nc2 26. Rxf6 Bd4
27. Rf7+ Kb6 28. Rxa7 Kxa7 29. exd6 Bxb2 30. Kxb2 Nxa3 {Black resigns} 1-0

[Event "ICCopen2016"]
[Site "Internet Chess Club"]
[Date "2016.06.03"]
[Round "11"]
[White "anitak"]
[Black "Schack"]
[Result "1-0"]
[ICCResult "Black resigns"]
[WhiteElo "2159"]
[BlackElo "1673"]
[Opening "English opening"]
[ECO "A10"]
[NIC "EO.64"]
[Time "20:59:21"]
[TimeControl "180+0"]

1. c4 g6 2. Nc3 Bg7 3. g3 c5 4. Bg2 Nf6 5. e3 O-O 6. Nge2 Nc6 7. a3 e5 8.
Rb1 d5 9. Nxd5 Nxd5 10. cxd5 Ne7 11. Nc3 f5 12. d3 a6 13. O-O b5 14. e4 fxe4
15. dxe4 Rb8 16. Bg5 Qd7 17. Bxe7 Qxe7 18. Ne2 Bd7 19. a4 c4 20. axb5 axb5
21. b3 Qd6 22. bxc4 bxc4 23. Nc3 Qc5 24. Qc2 Bg4 25. h3 Bf3 26. Rxb8 Rxb8
27. Bxf3 Rb3 28. Kg2 Qd4 29. Ne2 Qc5 30. Rc1 Bh6 31. Qxb3 {Black resigns}
1-0

[Event "ICCopen2016"]
[Site "Internet Chess Club"]
[Date "2016.06.03"]
[Round "11"]
[White "DukeBishop"]
[Black "Tresor77"]
[Result "1-0"]
[ICCResult "Black checkmated"]
[WhiteElo "1602"]
[BlackElo "1457"]
[Opening "Sicilian: wing gambit"]
[ECO "B20"]
[NIC "SI.48"]
[Time "20:58:54"]
[TimeControl "180+0"]

1. e4 c5 2. b4 cxb4 3. d4 e6 4. Nf3 Nf6 5. e5 Nd5 6. Bd3 Be7 7. O-O Nc6 8.
Bb2 d6 9. Nbd2 dxe5 10. dxe5 Bd7 11. g3 a5 12. Qe2 O-O 13. Rad1 Rc8 14. h3
Nb8 15. Ne4 Bc6 16. h4 Qd7 17. Nfg5 f5 18. exf6 Bxf6 19. Qh5 Bxg5 20. Nxg5
g6 21. Bxg6 Nf6 22. Bxh7+ Nxh7 23. Qg6+ Qg7 24. Qxg7# {Black checkmated} 1-0